 Dungeon Crawl Stone Soup version 0.28-a0-43-g560ac104fe (webtiles) character file.

Game seed: 12444411238103825690

3 Spectrina the Sneak (level 1, -1/13 HPs)
             Began as a Deep Elf Delver on July 28, 2021.
             Slain by an orc (3 damage)
             ... on level 4 of the Dungeon.
             The game lasted 00:00:46 (106 turns).

Spectrina the Sneak (Deep Elf Delver)                Turns: 106, Time: 00:00:47

Health: -1/13      AC:  3    Str:  9    XL:     1   Next: 41%
Magic:  3/3        EV: 12    Int: 14    God:
Gold:   11         SH:  0    Dex: 16    Spells: 0/0 levels left

rFire   . . .      SeeInvis .   j - +0 falchion
rCold   . . .      Faith    .   (no shield)
rNeg    . . .      Spirit   .   b - +0 leather armour
rPois   .          Reflect  .   (no helmet)
rElec   .          Harm     .   (no cloak)
rCorr   .          Rampage  .   (no gloves)
Will    .....                   (no boots)
Stlth   +++.......              (no amulet)
HPRegen 0.04/turn               (no ring)
MPRegen 0.08/turn               (no ring)

@: no status effects
A: no striking features
a: no special abilities


You were on level 4 of the Dungeon.
You visited 1 branch of the dungeon, and saw 2 of its levels.

You collected 11 gold pieces.

Inventory:

Hand Weapons
 a - a +0 short sword
 j - a +0 falchion (weapon)
Missiles
 i - 23 stones (quivered)
Armour
 b - a +0 leather armour (worn)
Wands
 g - a wand of digging (3)
Scrolls
 c - a scroll of fog
 d - a scroll of magic mapping
 e - a scroll of fear
 h - a scroll of teleportation {unknown}
Potions
 f - a potion of haste


   Skills:
 - Level 2.4 Fighting
 - Level 2.0 Short Blades
 - Level 2.4 Dodging
 + Level 6.2 Stealth


You couldn't memorise any spells.
You didn't know any spells.
Your spell library was empty.

Dungeon Overview and Level Annotations

Branches:
Dungeon (5/15)
 Temple: D:4-7

Altars:

Annotations:
D:4 Edmund


Message History

You hit the endoplasm.
You kill the endoplasm!
An orc comes into view.
It is wielding a +0 falchion. 2 orcs and an orc priest come into view.
The orc priest shouts!
The orc shouts! x2
Unknown command.
There is an open door here.
The orc barely misses you.
You barely miss the orc. The orc hits you but does no damage.
You hit the orc.
The orc is severely wounded.
The orc hits you but does no damage.
The orc shouts!
You hit the orc.
You kill the orc!
You see here a +0 falchion.
Unknown command.
j - a +0 falchion (weapon)
Okay, then.
You barely miss the orc.
Your leather armour prevents you from hitting the orc.
The orc barely misses you.
The orc priest hits you with a +0 dagger.
The orc misses you.
You closely miss the orc priest. The orc priest misses you.
The orc barely misses you.
The orc shouts!
You hit the orc priest but do no damage.
The orc priest hits you but does no damage.
The orc hits you with a +0 hand axe. The orc hits you with a +0 short sword.
You barely miss the orc priest.
The orc priest hits you with a +0 dagger.
The orc barely misses you.
You riposte.
You hit the orc.
The orc is moderately wounded.
The orc barely misses you.
You completely miss the orc priest.
The orc priest hits you with a +0 dagger.
* * * LOW HITPOINT WARNING * * *
The orc misses you. The orc hits you with a +0 short sword.
You die...

##....##+##.#
#...........#
#...........#
#...........#
#.....##o..##
#.....##...##
##....##....#
########....#
#....@o.....#
#....oo.....#
#...........#
#...........#
#...........#
#############


You could see an orc priest and 2 orcs.

Vanquished Creatures
  An orc (D:4)
  An endoplasm (D:4)
2 creatures vanquished.

Notes
Turn   | Place    | Note
-------+----------+-------------------------------------------
     0 | D:5      | Spectrina the Deep Elf Delver began the quest for the Orb.
     0 | D:5      | Reached XP level 1. HP: 13/13 MP: 3/3
    34 | D:4      | Noticed Edmund
    55 | D:4      | Noticed an orc priest
   106 | D:4      | Slain by an orc

Illustrated notes

Levels and vault maps discovered:
D:4:      layout_gridville, uniq_edmund
D:5:      due_chaos_kobolds, layout_basic, minmay_manual_moon

Action                   || total
-------------------------++-------
Melee: Falchion          ||     6
       Short sword       ||     4
Armor: Leather armour    ||     3
Dodge: Dodged            ||     9
       Rpst.: Falchion   ||     1

Table legend: (Time is in decaauts)
 A = Elapsed time spent in this place.
 B = Non-inter-level travel time spent in this place.
 C = Inter-level travel time spent in this place.
 D = Time resting spent in this place.
 E = Time spent auto-exploring this place.
 F = Levels seen in this place.
 G = Mean time per level.
                   A        B        C        D        E       F      G
               +--------+--------+--------+--------+--------+-----+--------+
         Total |    106 |    106 |      0 |      0 |      0 |   2 |   53.0 |
       Dungeon |    106 |    106 |      0 |      0 |      0 |   2 |   53.0 |
               +--------+--------+--------+--------+--------+-----+--------+

Top non-repeatable levels by time:
     D:4: 80 daAuts
     D:5: 26 daAuts
